 Dungeon Crawl Stone Soup version 0.30-a0-297-g0ec75d9ef4 (webtiles) character file.

Game seed: 732019943257622673

35478 Pooter the Grappler (level 13, -1/99 HPs)
             Began as a Troll Fighter on Oct 19, 2022.
             Was a High Priest of Hepliaklqana.
             Slain by a water moccasin (7 damage)
             ... on level 4 of the Lair of Beasts on Oct 20, 2022.
             The game lasted 01:33:58 (11568 turns).

Pooter the Grappler (Troll Fighter)                Turns: 11568, Time: 01:33:58

Health: -1/99      AC:  7    Str: 37    XL:     13   Next: 47%
Magic:  17/17      EV:  7    Int:  3    God:    Hepliaklqana [*****.]
Gold:   616        SH: 15    Dex:  9    Spells: 12/16 levels left

rFire   + + .      SeeInvis .    Y - +0 eveningstar
rCold   . . .      Faith    .    H - +2 tower shield
rNeg    . . .      Spirit   .    v - +0 troll leather armour
rPois   .          Reflect  .    (helmet restricted)
rElec   .          Harm     .    u - +0 cloak
rCorr   +          Rampage  .    (gloves unavailable)
Will    .....                    (boots unavailable)
Stlth   +.........               (no amulet)
HPRegen 2.76/turn                B - ring of Kehasus {rF++ rCorr Str+2 Int-3 Slay+4}
MPRegen 0.15/turn                z - +6 ring of strength

@: no status effects
A: reduced essence, large, unfitting armour, claws 3, regeneration 2, shaggy fur
1, tough skin 1, frail 1, wild magic 1, sturdy frame 1
a: Renounce Religion, Recall Ancestor, Ancestor Identity, Transference, Idealise


You were on level 4 of the Lair of Beasts.
You worshipped Hepliaklqana.
Hepliaklqana was extremely pleased with you.
You visited 2 branches of the dungeon, and saw 15 of its levels.

You collected 1097 gold pieces.
You spent 481 gold pieces at shops.

Inventory:

Hand Weapons
 b - a +0 sling
   (You found it on level 2 of the Dungeon)
 s - a +2 morningstar
   (You took it off a wight on level 8 of the Dungeon)
 J - a +2 trident of venom
   (You took it off an orc on level 6 of the Dungeon)
 X - a +0 war axe
   (You found it on level 1 of the Lair of Beasts)
 Y - a +0 eveningstar (weapon)
   (You found it on level 9 of the Dungeon)
Missiles
 k - 3 throwing nets {!f}
 q - 20 boomerangs
 x - 30 poisoned darts (quivered)
 Q - 188 stones
 U - 5 large rocks
Armour
 o - a +2 robe of willpower
   (You took it off Josephine on level 10 of the Dungeon)
 u - a +0 cloak (worn)
   (You took it off Maurice on level 9 of the Dungeon)
 v - a +0 troll leather armour (worn)
   (You found it on level 2 of the Dungeon)
 H - a +2 tower shield (worn)
   (You bought it in a shop on level 1 of the Dungeon)
Jewellery
 a - a ring of willpower
   (You found it on level 6 of the Dungeon)
 j - a ring of magical power
   (You found it on level 2 of the Dungeon)
 z - a +6 ring of strength (right claw)
   (You found it on level 3 of the Lair of Beasts)
 B - the ring of Kehasus (left claw) {rF++ rCorr Str+2 Int-3 Slay+4}
   (You found it on level 7 of the Dungeon)

   [ring of slaying]

   Str:       It affects your strength (+2).
   Int:       It affects your intelligence (-3).
   Slay:      It affects your accuracy & damage with ranged weapons and melee
   (+4).
   rF:        It greatly protects you from fire.
   rCorr:     It protects you from acid and corrosion.
 C - a ring of resist corrosion
   (You found it on level 8 of the Dungeon)
 F - a ring of protection from fire
   (You found it on level 9 of the Dungeon)
 K - a ring of willpower
   (You found it on level 2 of the Lair of Beasts)
 O - an amulet of faith {!P}
   (You found it on level 3 of the Dungeon)
 P - a ring of poison resistance
   (You found it on level 3 of the Lair of Beasts)
Wands
 d - a wand of iceblast (14)
   (You took it off Maurice on level 9 of the Dungeon)
 f - a wand of flame (16)
   (You found it on level 4 of the Dungeon)
 L - a wand of polymorph (5)
   (You found it on level 4 of the Lair of Beasts)
 M - a wand of mindburst (12)
   (You found it on level 8 of the Dungeon)
Scrolls
 e - a scroll of enchant armour
 n - a scroll of brand weapon
 r - 2 scrolls of torment {!r}
 t - 7 scrolls of teleportation {@r4}
 w - 6 scrolls of magic mapping
 A - 3 scrolls of blinking {unknown}
 D - 2 scrolls of enchant weapon
 E - 4 scrolls of fog
 G - a scroll of noise {unknown}
 N - a scroll of summoning
 R - 5 scrolls of immolation {!r}
 S - 4 scrolls of amnesia
 T - a scroll of vulnerability {unknown}
Potions
 c - 2 potions of berserk rage
 g - 8 potions of curing {@q1}
 h - 4 potions of flight
 i - 2 potions of experience {unknown}
 l - 2 potions of mutation {!q}
 m - 4 potions of attraction {!q}
 p - 4 potions of lignification {!q}
 y - 3 potions of heal wounds {@q2}
 I - a potion of haste {unknown}
 V - 2 potions of might
 W - 3 potions of brilliance
 Z - a potion of magic {unknown}


   Skills:
 + Level 7.5 Fighting
 + Level 5.5 Ranged Weapons
 + Level 7.3 Throwing
 - Level 2.4 Dodging
 + Level 7.6 Shields
 * Level 12.2 Unarmed Combat
 - Level 2.2 Spellcasting
 - Level 2.5 Air Magic
 + Level 7.1 Invocations
 + Level 5.9 Evocations


You had 12 spell levels left.
You knew the following spells:

 Your Spells              Type           Power      Damage    Failure   Level
a - Airstrike             Air            1%         2d(1-17)  100%        4

Your spell library contained the following spells:

 Spells                   Type           Power      Damage    Failure   Level
 Shock                    Conj/Air       4%         1d3       88%         1
 Slow                     Hex            0%         N/A       96%         1
 Swiftness                Air            2%         N/A       97%         3
 Confusing Touch          Hex            0%         N/A       100%        3
 Vampiric Draining        Necr           0%         2d6       100%        3


Dungeon Overview and Level Annotations

Branches:
Dungeon (11/15)            Temple (0/1) D:7            Lair (4/5) D:11
 Shoals (0/4) Lair:2        Snake (0/4) Lair:2
  Slime: Lair:4-5       Orc: D:9-12

Altars:
Ashenzari
Cheibriados
Fedhas
Gozag
Hepliaklqana
Nemelex Xobeh
Okawaru
Qazlal
Uskayaw
Vehumet
Wu Jian
Xom
Zin

Shops:
D:1 [   D:3 ?


Innate Abilities, Weirdness & Mutations

Your life essence is reduced to manifest your ancestor. (-10% HP)
You are too large for most types of armour.
You have claws for hands.
You heal very quickly.
You are covered in fur. (AC +1)
You have tough skin. (AC +1)
You are frail. (-10% HP)
Your spells are a little harder to cast, but a little more powerful.
Your movements are slightly less encumbered by armour. (ER -2)


Message History

The four-headed hydra completely misses you.
The four-headed hydra bites you! The komodo dragon bites you.
You barely miss the four-headed hydra.
The four-headed hydra closely misses you.
The four-headed hydra bites you but does no damage.
You block the four-headed hydra's attack. x2
The komodo dragon bites you!
The four-headed hydra bites you but does no damage.
The four-headed hydra bites you!
The four-headed hydra completely misses you.
The four-headed hydra bites you. You block the komodo dragon's attack.
You sock the four-headed hydra!
The four-headed hydra bites you but does no damage.
You block the four-headed hydra's attack.
The four-headed hydra closely misses you.
The four-headed hydra barely misses you.
You block the komodo dragon's attack.
You block the four-headed hydra's attack.
The four-headed hydra bites you.
The four-headed hydra barely misses you.
The four-headed hydra bites you!
* * * LOW HITPOINT WARNING * * *
The komodo dragon closely misses you.
You puncture the four-headed hydra!
The four-headed hydra bites you but does no damage.
The four-headed hydra bites you!
* * * LOW HITPOINT WARNING * * *
The four-headed hydra bites you but does no damage.
The four-headed hydra barely misses you.
The komodo dragon bites you!
* * * LOW HITPOINT WARNING * * *
The four-headed hydra bites you.
* * * LOW HITPOINT WARNING * * *
You block the four-headed hydra's attack. x2
The four-headed hydra bites you.
* * * LOW HITPOINT WARNING * * *
You bludgeon the four-headed hydra!! The komodo dragon bites you.
* * * LOW HITPOINT WARNING * * *
You block the four-headed hydra's attack. x2
The four-headed hydra barely misses you.
The four-headed hydra bites you.
* * * LOW HITPOINT WARNING * * *
The komodo dragon bites you but does no damage.
You puncture the four-headed hydra!
You kill the four-headed hydra!
The komodo dragon bites you!
* * * LOW HITPOINT WARNING * * *
The water moccasin misses you. You block the komodo dragon's attack.
The water moccasin bites you!
You die...

....[#.## ##...#
<.....## ##†..#
..P...# #....#
#PP#### ###....#
#### ###P....## .
#.#....#.# ..
####......## ...
###.#....#...##
....
#.......###R#@##..#
###...### ##l#S...#
##..# #.#†....#
#### #.#......#
###(##....# #.
.....# .. ##...#
... .... ..# #..


You could see a komodo dragon and a water moccasin.

Vanquished Creatures
  Josephine (D:10)
  A hydra (Lair:4)
  3 two-headed ogres
  4 death yaks (Lair:3)
  Maurice (D:9)
  6 elephants
  A merfolk siren (Lair:2)
  A torpor snail (Lair:3)
  4 black mambas
  A guardian serpent (Lair:2)
  5 cane toads
  A komodo dragon (Lair:2)
  2 rime drakes
  A polar bear (D:11)
  A troll (D:11)
  A hornet (D:7)
  6 blink frogs (Lair:3)
  Sigmund (D:2)
  3 wyverns
  39 yaks
  A vampire (D:11)
  2 wraiths (D:10)
  2 steam dragons
  A fire bat (D:4)
  3 basilisks
  3 orc warriors
  16 water moccasins
  4 ice beasts
  Pargi (D:3)
  2 black bears
  3 ogres
  A wolf (D:11)
  4 centaurs
  2 phantoms
  2 kobold brigands
  6 bullfrogs
  2 necrophages (D:5)
  2 scorpions
  15 wights
  5 killer bees (D:7)
  5 howler monkeys
  An iron imp (D:3)
  2 orc priests
  Ijyb (D:3)
  An iguana (D:6)
  5 orc wizards
  5 adders
  A gnoll (D:3)
  A shadow imp (D:7)
  A white imp (D:4)
  A worm (D:2)
  2 dart slugs
  18 orcs
  6 bats
  7 endoplasms
  4 giant cockroaches
  8 goblins
  5 hobgoblins
  4 jackals
  5 quokkas
  5 ball pythons
  7 frilled lizards
  12 kobolds
  7 rats
274 creatures vanquished.

Vanquished Creatures (collateral kills)
  A hydra (Lair:3)
  A catoblepas (Lair:4)
  A death yak (Lair:3)
  A boulder beetle (D:11)
  An oklob plant (Lair:3)
  A cyclops (D:10)
  2 elephants
  A rime drake (Lair:4)
  A komodo dragon (Lair:1)
  2 trolls (D:10)
  2 blink frogs (Lair:3)
  A shadow (D:10)
  A wyvern (D:11)
  A wraith (D:10)
  A steam dragon (D:8)
  13 yaks
  2 acid dragons
  An orc warrior (D:6)
  2 water moccasins (Lair:3)
  An ice beast (D:11)
  A sky beast (D:6)
  A wolf (D:11)
  A centaur (D:5)
  A necrophage (D:6)
  A bullfrog (D:7)
  A scorpion (D:5)
  7 wights
  A killer bee (D:7)
  3 orc priests
  2 gnolls (D:3)
  3 adders
  A white imp (D:6)
  An ufetubus (D:7)
  2 dart slugs
  7 orcs
  A ball python (D:3)
  A bat (D:3)
  An endoplasm (D:4)
  2 kobolds
75 creatures vanquished.

Vanquished Creatures (others)
  4 hexers
  2 kobolds (D:6)
  13 fungi
  19 plants
38 creatures vanquished.

Grand Total: 387 creatures vanquished

Notes
Turn   | Place    | Note
-------+----------+-------------------------------------------
     0 | D:1      | Pooter the Troll Fighter began the quest for the Orb.
     0 | D:1      | Reached XP level 1. HP: 22/22 MP: 0/0
   153 | D:1      | Found Wuwytsif's Antique Armour Shoppe.
   193 | D:1      | You fall into a shaft and drop 1 floor!
   204 | D:2      | Reached XP level 2. HP: 29/29 MP: 1/1
   218 | D:2      | Noticed Sigmund
   313 | D:1      | Reached XP level 3. HP: 36/36 MP: 2/2
   898 | D:2      | Reached skill level 3 in Unarmed Combat
   907 | D:2      | Found a glowing silver altar of Zin.
   923 | D:2      | Killed Sigmund
   924 | D:2      | Reached skill level 4 in Unarmed Combat
   924 | D:2      | Reached XP level 4. HP: 24/45 MP: 3/3
   924 | D:2      | Reached XP level 5. HP: 28/53 MP: 4/4
  1404 | D:2      | Found a faded altar of an unknown god.
  1421 | D:2      | Prayed at the altar of an unknown god.
  1421 | D:2      | Became a worshipper of Hepliaklqana the Forgotten
  1421 | D:2      | Reached * piety under Hepliaklqana
  1449 | D:2      | Reached XP level 6. HP: 54/54 MP: 5/5
  1752 | D:3      | Noticed Pargi
  1761 | D:3      | Killed Pargi
  1826 | D:3      | Found Herac's Magic Scroll Emporium.
  1834 | D:3      | Bought a scroll of identify for 26 gold pieces
  1834 | D:3      | Bought a scroll of identify for 26 gold pieces
  1834 | D:3      | Bought a scroll of magic mapping for 97 gold pieces
  2153 | D:3      | Noticed Ijyb
  2166 | D:3      | Reached ** piety under Hepliaklqana
  2167 | D:3      | Remembered your ancestor Cenhelm as a hexer
  2180 | D:3      | Killed Ijyb
  2280 | D:3      | Found a snail-covered altar of Cheibriados.
  2288 | D:3      | Reached skill level 1 in Throwing
  2770 | D:4      | Reached XP level 7. HP: 60/60 MP: 6/6
  2914 | D:4      | Found a transporter.
  2942 | D:4      | Reached skill level 1 in Ranged Weapons
  2946 | D:4      | Found a transporter.
  3047 | D:4      | Noticed a fire bat
  3084 | D:4      | Killed a fire bat
  3085 | D:4      | Reached skill level 5 in Unarmed Combat
  3085 | D:4      | Reached skill level 1 in Invocations
  3085 | D:4      | Reached skill level 1 in Evocations
  3357 | D:5      | Entered Level 5 of the Dungeon
  3394 | D:5      | Reached XP level 8. HP: 70/70 MP: 8/8
  3542 | D:5      | Found an ornate altar of the Wu Jian Council.
  3645 | D:5      | Reached skill level 6 in Unarmed Combat
  3779 | D:1      | Bought a runed tower shield for 157 gold pieces
  3956 | D:5      | Found a sparkling altar of Nemelex Xobeh.
  3985 | D:5      | Found a blossoming altar of Fedhas.
  4014 | D:5      | Reached *** piety under Hepliaklqana
  4227 | D:6      | Learned a level 4 spell: Airstrike
  4324 | D:6      | Reached XP level 9. HP: 38/76 MP: 10/10
  4399 | D:5      | Reached skill level 7 in Unarmed Combat
  4399 | D:5      | Reached skill level 1 in Spellcasting
  4399 | D:5      | Reached skill level 1 in Air Magic
  4477 | D:3      | Bought a scroll of fog for 52 gold pieces
  5082 | D:7      | Found a stormy altar of Qazlal.
  5170 | D:7      | Identified the ring of Kehasus {rF++ rCorr Str+2 Int-3
                  | Slay+4}
  5361 | D:7      | Reached skill level 5 in Fighting
  5374 | D:7      | Found a staircase to the Ecumenical Temple.
  5515 | D:7      | Reached XP level 10. HP: 86/86 MP: 11/11
  5812 | D:8      | Reached skill level 8 in Unarmed Combat
  5836 | D:8      | Reached **** piety under Hepliaklqana
  5843 | D:8      | Found a broken altar of Ashenzari.
  6038 | D:3      | Bought a scroll of summoning for 123 gold pieces
  6109 | D:8      | Found a radiant altar of Vehumet.
  6282 | D:8      | Reached skill level 5 in Shields
  6608 | D:8      | Gained mutation: You are frail. (-10% HP) [potion of
                  | mutation]
  6609 | D:8      | Lost mutation: You are frail. (-10% HP) [potion of
                  | mutation]
  6609 | D:8      | Gained mutation: You are robust. (+10% HP) [potion of
                  | mutation]
  6609 | D:8      | Gained mutation: You are occasionally teleported next to
                  | monsters. [potion of mutation]
  6610 | D:8      | Lost mutation: You are occasionally teleported next to
                  | monsters. [potion of mutation]
  6610 | D:8      | Lost mutation: You are robust. (+10% HP) [potion of
                  | mutation]
  6610 | D:8      | Gained mutation: You are clumsy. (Dex -2) [potion of
                  | mutation]
  6610 | D:8      | Gained mutation: You are strong-willed. (Will+) [potion of
                  | mutation]
  6748 | D:9      | Noticed a two-headed ogre
  6756 | D:9      | Killed a two-headed ogre
  6822 | D:9      | Reached skill level 9 in Unarmed Combat
  6918 | D:9      | Found an iron altar of Okawaru.
  6922 | D:9      | Noticed Maurice
  6925 | D:9      | Reached XP level 11. HP: 94/94 MP: 13/13
  6934 | D:9      | Killed Maurice
  7291 | D:9      | Found a hide-covered altar of Uskayaw.
  7361 | D:9      | Reached skill level 5 in Throwing
  7593 | D:10     | Entered Level 10 of the Dungeon
  7620 | D:10     | Noticed Josephine
  7631 | D:10     | Killed Josephine
  7632 | D:10     | Reached skill level 5 in Invocations
  7689 | D:10     | Found an opulent altar of Gozag.
  7714 | D:10     | Noticed a two-headed ogre
  7753 | D:9      | Killed a two-headed ogre
  8155 | D:10     | Noticed a two-headed ogre
  8160 | D:10     | Killed a two-headed ogre
  8161 | D:10     | Reached skill level 10 in Unarmed Combat
  8675 | D:11     | Reached XP level 12. HP: 92/103 MP: 15/15
  8701 | D:11     | Found a shimmering altar of Xom.
  8703 | D:11     | Found a shimmering altar of Xom.
  8798 | D:11     | Found a staircase to the Lair.
  8808 | D:11     | Noticed a boulder beetle
  8820 | D:11     | Killed a boulder beetle
  9095 | Lair:1   | Entered Level 1 of the Lair of Beasts
  9266 | Lair:1   | Reached ***** piety under Hepliaklqana
  9485 | Lair:1   | Reached skill level 5 in Evocations
  9542 | Lair:1   | You fall into a shaft and drop 1 floor!
  9826 | Lair:2   | Reached skill level 11 in Unarmed Combat
  9893 | Lair:2   | Found a staircase to the Shoals.
  9979 | Lair:2   | Lost mutation: You are clumsy. (Dex -2) [potion of
                  | mutation]
  9979 | Lair:2   | Lost mutation: You are strong-willed. (Will+) [potion of
                  | mutation]
  9979 | Lair:2   | Gained mutation: You have a pair of small antennae on your
                  | head. [potion of mutation]
  9979 | Lair:2   | Gained mutation: You are agile. (Dex +4, Str/Int -1)
                  | [potion of mutation]
  9980 | Lair:2   | Lost mutation: You have a pair of small antennae on your
                  | head. [potion of mutation]
  9980 | Lair:2   | Lost mutation: You are agile. (Dex +4, Str/Int -1) [potion
                  | of mutation]
  9980 | Lair:2   | Gained mutation: Your movements are slightly less
                  | encumbered by armour. (ER -2) [potion of mutation]
  9980 | Lair:2   | Gained mutation: Your spells are a little harder to cast,
                  | but a little more powerful. [potion of mutation]
  9980 | Lair:2   | Gained mutation: You are frail. (-10% HP) [potion of
                  | mutation]
  9980 | Lair:2   | Gained mutation: You heal very quickly. [potion of
                  | mutation]
 10038 | Lair:2   | Found a staircase to the Snake Pit.
 10051 | Lair:2   | Found a shimmering altar of Xom.
 10359 | Lair:2   | Reached skill level 5 in Ranged Weapons
 10759 | Lair:3   | Noticed a four-headed hydra
 10765 | Lair:3   | Killed a four-headed hydra
 10766 | Lair:3   | Reached XP level 13. HP: 85/99 MP: 17/17
 10961 | Lair:3   | HP: 4/99 [death yak (4)]
 11049 | Lair:3   | Reached skill level 12 in Unarmed Combat
 11466 | Lair:4   | Identified the +1 chain mail of Fureet {rPois}
 11568 | Lair:4   | Slain by a water moccasin

Illustrated notes

Levels and vault maps discovered:
D:1:      nagdon_arrival_double_spiral, layout_basic, serial_shops,
          nicolae_shop_overgrown_old_shop, minmay_strange_pillars,
          interstate_on_off, kennysheep_pointless_box, minmay_indecisive_spiral
D:2:      layout_rooms, basic_altar, shapermc_ecumenical_altar_notcrosses,
          hangedman_abyss_or_decor_stabs, chequers_jeans, minmay_vboxes,
          uniq_sigmund
D:3:      layout_basic, slow_altar_1, serial_shops, nicolae_square_shop,
          chequers_avenue, uniq_pargi, uniq_ijyb
D:4:      gammafunk_cloud_chamber, layout_gridville
D:5:      layout_layer_cave, marbit_many_paths, mainiacjoe_overflow_swirl
D:6:      layout_cave_pools
D:7:      layout_loops_ring, nicolae_qazlal_style_of_elements, temple_fountains,
          kennysheep_generic_room_9
D:8:      layout_rooms, kennysheep_mini_moat, ashenzari_altar_1,
          chequers_serial_rivers_micro_c, minmay_orc_keep
D:9:      layout_loops_ring, okawaru_ov_weapons_minmay,
          mainiacjoe_overflow_cross_hatched, uniq_maurice
D:10:     layout_cave_pools, grunt_gozag_breadcrumbs,
          nicolae_elevator_lobby_asterisk, uniq_josephine
D:11:     layout_cave_pools, hellmonk_lair_entry_icy, xom_redecorated
Lair:1:   layout_regular_city
Lair:2:   layout_regular_city, minmay_shoals_entry_lonely_mermaid,
          minmay_snake_entry_spellcaster, basic_altar, lemuel_fruit_tree
Lair:3:   layout_roguey, minmay_lair_oklob_items, serial_bayou_shore_b,
          serial_bayou_shore_b
Lair:4:   layout_concentric_octagons, slime_entry_1

Skill      XL: |  1  2  3  4  5  6  7  8  9 10 11 12 13 |
---------------+----------------------------------------+-----
Shields        | 3 4 5 6 7 |  7.6
Unarmed Combat | 4 5 6 7 9 10 11 12 | 12.2
Fighting       | 3 4 5 6 7 |  7.5
Throwing       | 1 2 3 4 5 6 7 |  7.3
Ranged Weapons | 1 2 3 4 5 |  5.5
Invocations    | 1 2 3 4 5 6 7 |  7.1
Evocations     | 1 2 3 4 5 |  5.9
Spellcasting   | 1 2 |  2.2
Air Magic      | 1 2 |  2.5
Dodging        | |  2.4

Action                   |  1- 3 |  4- 6 |  7- 9 | 10-12 | 13-15 || total
-------------------------+-------+-------+-------+-------+-------++-------
Melee: Unarmed           |    84 |   116 |   160 |   399 |   102 ||   861
       Trident           |       |       |    16 |    12 |       ||    28
       Eveningstar       |       |       |       |     3 |     7 ||    10
 Fire: Sling             |       |     1 |     5 |     5 |       ||    11
Throw: Dart              |       |       |    16 |    23 |       ||    39
       Boomerang         |       |       |     1 |     5 |       ||     6
Invok: Ancestor Identity |       |     2 |       |       |       ||     2
       Ancestor Life: He |       |     1 |       |       |       ||     1
       Idealise          |       |       |       |     1 |       ||     1
       Recall Ancestor   |       |       |       |     1 |       ||     1
Evoke: Wand              |       |     1 |     8 |    14 |       ||    23
  Use: Scroll            |     3 |     5 |       |    11 |     2 ||    21
       Potion            |     1 |       |     3 |     7 |       ||    11
 Stab: Sleeping          |       |     2 |       |       |       ||     2
       Confused          |       |     1 |     3 |     7 |     2 ||    13
       Betrayed ally     |       |     1 |       |       |       ||     1
       Distracted        |       |       |     2 |     5 |     2 ||     9
Armor: Robe              |    28 |    30 |    30 |     2 |       ||    90
       Steam dragon scal |       |       |       |    25 |       ||    25
       Skin              |       |       |       |     1 |       ||     1
       Troll leather arm |       |       |       |    66 |    29 ||    95
Dodge: Dodged            |    35 |    30 |    41 |    89 |    31 ||   226
Block: Kite shield       |    38 |    28 |    15 |       |       ||    81
       Tower shield      |       |       |    86 |   276 |    88 ||   450

Table legend: (Time is in decaauts)
 A = Elapsed time spent in this place.
 B = Non-inter-level travel time spent in this place.
 C = Inter-level travel time spent in this place.
 D = Time resting spent in this place.
 E = Time spent auto-exploring this place.
 F = Levels seen in this place.
 G = Mean time per level.
                   A        B        C        D        E       F      G
               +--------+--------+--------+--------+--------+-----+--------+
         Total |  11695 |  10978 |    717 |    725 |   7431 |  15 |  779.7 |
       Dungeon |   9195 |   8478 |    717 |    669 |   5671 |  11 |  835.9 |
          Lair |   2499 |   2499 |      0 |     56 |   1760 |   4 |  624.8 |
               +--------+--------+--------+--------+--------+-----+--------+

Top non-repeatable levels by time:
     D:9: 1013 daAuts
     D:3: 987 daAuts
  Lair:2: 957 daAuts
     D:1: 948 daAuts
  Lair:3: 900 daAuts
    D:10: 883 daAuts
     D:4: 863 daAuts
     D:2: 841 daAuts
     D:7: 807 daAuts
     D:8: 790 daAuts
     D:5: 775 daAuts
     D:6: 701 daAuts
    D:11: 582 daAuts
  Lair:1: 446 daAuts
  Lair:4: 195 daAuts
